 Dungeon Crawl Stone Soup version 0.32-a0-876-gcfddb08e57 (webtiles) character file.

Game seed: 5464569520630381767

9064 garrulousMonolith the Cleaver (level 11, -8/95 HPs)
             Began as a Mountain Dwarf Fighter on Apr 1, 2024.
             Was a Priest of Beogh.
             Killed by divine providence
             ... invoked by Wulfoc the orc apostle
              (11 damage)
             ... on level 11 of the Dungeon.
             The game lasted 00:10:37 (10273 turns).

garrulousMonolith the Cleaver (MDFi)               Turns: 10273, Time: 00:10:38

Health: -8/95      AC: 22    Str: 22    XL:     11   Next: 18%
Magic:  17/17      EV:  8    Int: 13    God:    Beogh [***...]
Gold:   657        SH:  0    Dex: 13    Spells: 10/10 levels left

rFire   . . .        m - +6 executioner's axe of Honour {vamp, rPois rC+ Str+3}
rCold   + . .        (shield currently unavailable)
rNeg    + . .        y - +1 pearl dragon scales
rPois   +            i - +2 helmet
rElec   +            Q - +0 cloak
rCorr   .            (no gloves)
SInv    .            A - +1 pair of boots of the Bard {rElec rPois Int-4 Dex+2}
Will    +....        (no amulet) Stlth
                     f - +6 ring of intelligence
HPRegen 0.35/turn    B - +4 ring of slaying
MPRegen 0.15/turn

%: no passive effects
@: no status effects
A: runic magic, artefact enchanting
a: Renounce Religion, Smiting


You were on level 11 of the Dungeon.
You worshipped Beogh.
Beogh was most pleased with you.
You visited 2 branches of the dungeon, and saw 12 of its levels.
You also visited: Bailey.

You collected 657 gold pieces.

Inventory:

Hand Weapons
 m - the +6 executioner's axe of Honour (weapon) {vamp, rPois rC+ Str+3}
   (You acquired it on level 9 of the Dungeon)

   Str+3:     It affects your strength (+3).
   rC+:       It protects you from cold.
   rPois:     It protects you from poison.
 N - a +2 broad axe of freezing
Missiles
 k - 30 poisoned darts
 u - 5 javelins (quivered)
 I - a curare-tipped dart
Armour
 c - a +0 buckler
 i - a +2 helmet (worn)
 y - +1 pearl dragon scales (worn)
 A - the +1 pair of boots of the Bard (worn) {rElec rPois Int-4 Dex+2}
   (You found it on level 6 of the Dungeon)

   Int-4:     It affects your intelligence (-4).
   Dex+2:     It affects your dexterity (+2).
   rElec:     It insulates you from electricity.
   rPois:     It protects you from poison.
 L - the +1 ice dragon scales of Plasticity {rF- rC++ Dex+2}
   (You found it in a bailey)

   Dex+2:     It affects your dexterity (+2).
   rF-:       It makes you vulnerable to fire.
   rC++:      It greatly protects you from cold.
 Q - a +0 cloak (worn)
Jewellery
 a - a ring of ice
 f - a +6 ring of intelligence (left hand)
 o - a ring of poison resistance
 t - a +4 ring of protection
 B - a +4 ring of slaying (right hand)
Wands
 g - a wand of quicksilver (8)
 E - a wand of iceblast (4)
 G - a wand of charming (5)
 P - a wand of flame (7)
Scrolls
 d - 2 scrolls of poison
 e - 2 scrolls of amnesia
 h - 2 scrolls of vulnerability
 j - 2 scrolls of teleportation
 l - 2 scrolls of noise
 n - a scroll of enchant weapon
 C - a scroll of fear
 H - a scroll of fog {unknown}
 M - a scroll of blinking {unknown}
 O - a scroll of silence {unknown}
Potions
 q - 2 potions of brilliance
 r - a potion of magic {unknown}
 s - 4 potions of cancellation
 v - 3 potions of lignification
 w - 2 potions of might
 x - a potion of ambrosia {unknown}
 z - a potion of mutation {unknown}
 D - a potion of attraction {unknown}
 F - a potion of resistance {unknown}
 K - a potion of haste {unknown}


   Skills:
 + Level 8.6 Fighting
 * Level 12.3 Axes
 + Level 8.7 Armour
 + Level 8.4 Shields
 + Level 9.1 Invocations


You had 10 spell levels left.
You didn't know any spells.
Your spell library contained the following spells:

 Spells                   Type           Power      Damage    Failure   Level
 Freeze                   Ice            0%         1d3       36%         1
 Shock                    Conj/Air       0%         1d3       36%         1
 Frozen Ramparts          Ice            0%         1d1       75%         3
 Hailstorm                Conj/Ice       0%         3d5       75%         3
 Swiftness                Air            0%         N/A       75%         3
 Airstrike                Air            0%         2d(0-16)  98%         4
 Sculpt Simulacrum        Ice/Alch       0%         N/A       100%        6
 Ozocubu's Refrigeration  Ice            0%         4d7       100%        7
 Polar Vortex             Ice            0%         N/A       100%        9


Dungeon Overview and Level Annotations

Branches:
Dungeon (11/15)            Temple (1/1) D:5            Lair (0/5) D:8
 Bailey (visited)
    Orc: D:9-12

Altars:
Ashenzari
Cheibriados
Dithmenos
Elyvilon
Fedhas
Gozag
Hepliaklqana
Kikubaaqudgha
Makhleb
Nemelex Xobeh
Okawaru
Qazlal
Ru
Sif Muna
Trog
Uskayaw
Vehumet
Wu Jian
Xom
Yredelemnul
Zin
The Shining One

Shops:
D:9 (   D:11 *

Annotations:
D:4 1 runed translucent door, Crazy Yiuf
D:7 2 transporters


Innate Abilities, Weirdness & Mutations

Your facial features look somewhat orcish.
Your spellcasting is much less encumbered by armour.
You can use scrolls of enchantment on lesser artefacts.


Message History

Wulfoc is heavily wounded.
Wulfoc barely misses you.
You barely miss Wulfoc.
Wulfoc is heavily wounded.
Wulfoc calls down the wrath of Beogh upon you.
Beogh smites you!
* * * LOW HITPOINT WARNING * * *
You feel much better.
Wulfoc hits you with a +1 heavy morningstar!
Aiming: Smiting
Press: ? - help, Dir - move target, f - Wulfoc Smite: Wulfoc the orc apostle, wielding a +1 heavy morningstar and wearing +3 steam dragon scales (moderately wounded, regenerating, empowered by the touch of Beogh) Beogh booms: This is a trial of mortal prowess.
Fight with your own strength!
You slash Wulfoc!
You feel better.
Wulfoc is moderately wounded.
Wulfoc mumbles some strange prayers to Beogh against you.
Beogh smites you!
You closely miss Wulfoc.
Wulfoc is moderately wounded.
Wulfoc hits you with a +1 heavy morningstar!!
* * * LOW HITPOINT WARNING * * *
You slash Wulfoc!
You feel better.
Wulfoc is moderately wounded.
Wulfoc hits you with a +1 heavy morningstar.
* * * LOW HITPOINT WARNING * * *
You slice Wulfoc!!
You feel better.
Wulfoc is severely wounded.
Wulfoc misses you.
You slash Wulfoc!
Wulfoc is almost dead.
Wulfoc is no longer regenerating.
Wulfoc mumbles some strange prayers to Beogh against you.
Beogh smites you!
* * * LOW HITPOINT WARNING * * *
You hit Wulfoc.
Wulfoc is almost dead.
Wulfoc invokes the aid of Beogh against you.
Beogh smites you!
You die...
Beogh appreciates Wulfoc's killing of a heretic priest.

.#.##.......#.#
...##.††....#.# .#
.#.##.....†.#.# .#
##..#....[..#.####.#
.#......###....(...#
.#.####.###........#
.#
..............##.##
##.####†...........
#.))∩.....@o##.
#.########### .# #.
.# #. ## #. #. #. #.


You could see Wulfoc the orc apostle (divinely empowered).

Vanquished Creatures
  2 two-headed ogres
  A manticore (D:11)
  A gargoyle (D:11)
  A troll (D:10)
  A hornet (D:8)
  3 spriggans (Bailey)
  Sigmund (D:3)
  A wraith (D:10)
  A warg (D:8)
  9 yaks
  A wyvern (D:10)
  A steam dragon (D:9)
  3 vampire mosquitoes (D:11)
  2 acid dragons
  4 water moccasins
  3 ice beasts
  A sky beast (D:7)
  3 ogres (Bailey)
  2 centaurs
  2 wolves (D:8)
  2 phantoms
  4 bullfrogs
  2 kobold brigands
  2 scorpions
  12 wights
  A burial acolyte (D:8)
  8 howler monkeys
  3 hounds
  2 jellies
  A bombardier beetle (D:6)
  4 orc priests
  7 orc wizards
  3 iguanas
  8 gnolls
  6 adders
  A shadow imp (D:6)
  A white imp (D:6)
  3 adder zombies (D:8)
  4 dart slugs (D:2)
  A ribbon worm (D:3)
  17 orcs
  5 ball pythons
  6 bats
  5 endoplasms
  3 giant cockroaches
  7 goblins
  13 hobgoblins
  6 jackals
  2 quokkas
  3 frilled lizards
  2 jackal zombies (D:8)
  12 kobolds
  7 rats
206 creatures vanquished.

Notes
Turn   | Place    | Note
-------+----------+-------------------------------------------
     0 | D:1      | garrulousMonolith the Mountain Dwarf Fighter began the
                  | quest for the Orb.
     0 | D:1      | Reached XP level 1. HP: 19/19 MP: 1/1
   289 | D:1      | Reached XP level 2. HP: 18/26 MP: 2/2
   765 | D:1      | Reached skill level 1 in Invocations
   766 | D:1      | Reached skill level 3 in Axes
   825 | D:1      | Reached XP level 3. HP: 25/31 MP: 3/3
  1100 | D:2      | Reached XP level 4. HP: 40/40 MP: 5/5
  1336 | D:3      | Found a hazy altar of Hepliaklqana.
  1340 | D:3      | Noticed Sigmund
  1349 | D:3      | Reached skill level 4 in Axes
  1362 | D:3      | Killed Sigmund
  1363 | D:3      | Reached XP level 5. HP: 20/46 MP: 5/7
  1518 | D:3      | Reached XP level 6. HP: 51/52 MP: 8/8
  1665 | D:3      | Reached skill level 5 in Axes
  2428 | D:4      | Found an iron altar of Okawaru.
  2435 | D:4      | Found a shimmering altar of Xom.
  2435 | D:4      | Found an ornate altar of the Wu Jian Council.
  2438 | D:4      | Found a shadowy altar of Dithmenos.
  2579 | D:4      | Found a runed translucent door.
  2580 | D:4      | Noticed Crazy Yiuf
  3224 | D:5      | Entered Level 5 of the Dungeon
  3517 | D:5      | Found a staircase to the Ecumenical Temple.
  3525 | D:5      | Reached XP level 7. HP: 55/60 MP: 9/9
  3541 | Temple   | Entered the Ecumenical Temple
  3612 | D:5      | Reached skill level 6 in Axes
  3652 | D:5      | Reached skill level 5 in Armour
  3692 | D:5      | Reached skill level 5 in Fighting
  3692 | D:5      | Reached skill level 5 in Shields
  4683 | D:5      | Reached XP level 8. HP: 63/68 MP: 11/11
  4735 | D:5      | Reached skill level 7 in Axes
  4796 | D:6      | Became a worshipper of Beogh the Shepherd
  5012 | D:6      | Reached skill level 5 in Invocations
  5195 | D:6      | Found a blossoming altar of Fedhas.
  5250 | D:6      | Identified the +1 pair of boots of the Bard {rElec rPois
                  | Int-4 Dex+2}
  5424 | D:7      | Reached skill level 8 in Axes
  5473 | D:7      | Found a transporter.
  5485 | D:7      | Found a transporter.
  5511 | D:7      | Found a basalt altar of Yredelemnul.
  5511 | D:7      | Found a hide-covered altar of Uskayaw.
  6002 | D:7      | Reached XP level 9. HP: 75/75 MP: 13/13
  6391 | D:8      | Reached * piety under Beogh
  6457 | D:8      | Found a staircase to the Lair.
  6472 | D:8      | Reached skill level 9 in Axes
  6831 | D:8      | Found a white marble altar of Elyvilon.
  7126 | D:8      | Found an ancient bone altar of Kikubaaqudgha.
  7433 | D:8      | Reached skill level 10 in Axes
  7636 | D:9      | Reached XP level 10. HP: 62/86 MP: 15/15
  7819 | D:9      | Found Nucema's Antique Weapon Boutique.
  7894 | D:9      | Reached ** piety under Beogh
  8586 | D:9      | Identified a scroll of acquirement
  8586 | D:9      | Acquired the +6 executioner's axe of Honour {vamp, rPois
                  | rC+ Str+3}
  8629 | D:10     | Entered Level 10 of the Dungeon
  8634 | D:10     | Reached skill level 11 in Axes
  8687 | D:10     | Found a flagged portal.
  8701 | Bailey   | Entered a bailey
  8792 | Bailey   | Noticed a two-headed ogre
  8805 | Bailey   | Killed a two-headed ogre
  8868 | Bailey   | Identified the +1 lajatang "Ymihebeh" {speed, Stlth+}
  8885 | Bailey   | Identified the +1 ice dragon scales of Plasticity {rF- rC++
                  | Dex+2}
  9519 | D:10     | Identified the +0 robe of Watchfulness {Rampage rC+ Str+4}
  9586 | D:10     | Noticed a two-headed ogre
  9594 | D:10     | Killed a two-headed ogre
  9595 | D:10     | Reached skill level 12 in Axes
 10008 | D:10     | Reached XP level 11. HP: 83/94 MP: 17/17
 10180 | D:11     | Found Kaycil's General Store.
 10226 | D:11     | Reached *** piety under Beogh
 10272 | D:11     | HP: 2/95 [Wulfoc the orc apostle/divine providence (15)]
 10273 | D:11     | Killed from afar by Wulfoc the orc apostle

Illustrated notes

Levels and vault maps discovered:
D:1:      giann_wishing_wells, layout_loops_cross, palyth_stone_intersect
D:2:      layout_basic
D:3:      layout_loops_cross, mainiacjoe_overflow_small_starburst,
          kennysheep_decorative_pillar, minmay_misc_feat_four_crosses,
          st_stairs_5, kennysheep_pointless_box, uniq_sigmund
D:4:      layout_basic, grunt_temple_overflow_open,
          chequers_serial_rivers_micro_b, nicolae_tricolors,
          uniq_crazy_yiuf_cottage
D:5:      layout_cave_pods, minmay_temple_entry_mini_moons
D:6:      minmay_evil_eye, layout_rooms, fedhas_altar_3
D:7:      gammafunk_steamed_eel, layout_gridville,
          nicolae_overflow_two_pavilions, serial_glass, glass_columns_b,
          glass_columns_a, dk_noncrumbling_3
D:8:      layout_loops_cross, elyvilon_altar_3,
          lemuel_zombie_altar_kikubaaqudgha, erik_lair_orcish_takeover
D:9:      layout_stronghold, serial_shops, shop, serial_column_ruins,
          column_ruins_hut, column_ruins_open_small_water,
          column_ruins_open_medium, column_ruins_grid_1, column_ruins_grid_1,
          column_ruins_open_small, column_ruins_open_tiny,
          column_ruins_open_tiny_water
D:10:     layout_gridville, enter_bailey_3
D:11:     layout_basic, david_orc_4, serial_shops, shop, uniq_nergalle
Temple:   minmay_temple_bridge_abc

Skill      XL: |  1  2  3  4  5  6  7  8  9 10 11 |
---------------+----------------------------------+-----
Invocations    | 1 2 3 4 6 7 8 9 |  9.1
Axes           | 3 4 5 6 8 10 12 | 12.3
Fighting       | 4 5 6 7 8 |  8.6
Armour         | 4 5 6 7 8 |  8.7
Shields        | 4 5 6 7 8 |  8.4

Action                     |  1- 3 |  4- 6 |  7- 9 | 10-12 || total
---------------------------+-------+-------+-------+-------++-------
  Melee: War axe           |   106 |   140 |   350 |    56 ||   652
         Executioner's axe |       |       |       |    96 ||    96
  Throw: Javelin           |       |       |     4 |     1 ||     5
 Invoke: Convert to Beogh  |       |       |     1 |       ||     1
  Evoke: Wand              |       |       |     4 |       ||     4
    Use: Potion            |       |     2 |     5 |     3 ||    10
         Scroll            |       |       |    12 |     3 ||    15
 Armour: Scale mail        |   122 |   100 |       |       ||   222
         Pearl dragon scal |       |     1 |   372 |   177 ||   550
  Dodge: Dodged            |    88 |    63 |   177 |    68 ||   396
  Block: Buckler           |    31 |    26 |   109 |    13 ||   179

Table legend: (Time is in decaauts)
 A = Elapsed time spent in this place.
 B = Non-inter-level travel time spent in this place.
 C = Inter-level travel time spent in this place.
 D = Time resting spent in this place.
 E = Time spent auto-exploring this place.
 F = Levels seen in this place.
 G = Mean time per level.
                   A        B        C        D        E       F      G
               +--------+--------+--------+--------+--------+-----+--------+
         Total |  10467 |  10100 |    367 |   1353 |   6862 |  13 |  805.2 |
       Dungeon |  10121 |   9754 |    367 |   1353 |   6658 |  11 |  920.1 |
        Temple |     45 |     45 |      0 |      0 |      0 |   1 |   45.0 |
        Bailey |    300 |    300 |      0 |      0 |    203 |   1 |  300.0 |
               +--------+--------+--------+--------+--------+-----+--------+

Top non-repeatable levels by time:
     D:5: 1494 daAuts
    D:10: 1242 daAuts
     D:9: 1134 daAuts
     D:8: 1116 daAuts
     D:3: 1051 daAuts
     D:7: 984 daAuts
     D:1: 881 daAuts
     D:4: 878 daAuts
     D:6: 689 daAuts
     D:2: 497 daAuts
  Bailey: 300 daAuts
    D:11: 150 daAuts
  Temple: 45 daAuts
